 Dungeon Crawl Stone Soup version 0.28-a0-313-gbc0475efdd (webtiles) character file.

Game seed: 15351628557408655203

304798 Maimakterion the Stormcaller (level 20, -12/124 HPs)
             Began as a Deep Elf Air Elementalist on Aug 31, 2021.
             Was an Initiate of Gozag.
             Killed from afar by a deep elf sorcerer (51 damage)
             ... with damnation
             ... on level 3 of the Elven Halls on Sept 1, 2021.
             The game lasted 02:01:34 (64532 turns).

Maimakterion the Stormcaller (DEAE)                Turns: 64532, Time: 02:01:35

Health: -12/124    AC: 15    Str:  4    XL:     20   Next: 27%
Magic:  20/43      EV: 20    Int: 39    God:    Gozag
Gold:   2079       SH:  5    Dex: 13    Spells: 2/41 levels left

rFire   + + .      SeeInvis +   o - +6 Majin-Bo {vamp, MP+6 Int+6}
rCold   + . .      Faith    .   (shield currently unavailable)
rNeg    . . .      Spirit   .   G - +2 robe {rC+ rF+}
rPois   +          Reflect  +   r - +0 helmet
rElec   +          Harm     .   e - +1 cloak {rPois}
rCorr   +          Rampage  .   a - +4 pair of gloves of Salvation {rPois Str+2 SInv}
Will    ++...      Clarity  +   q - +2 pair of boots
Stlth   ++........              m - amulet of reflection
HPRegen 0.30/turn               c - ring "Alenace" {rPois rF+ rCorr}
MPRegen 0.28/turn               Q - ring "Pusk" {rElec Str-2 Int+4 SInv}

@: gold aura
A: clarity, clumsy 1, weak 1
}: 2/15 runes: decaying, gossamer
a: Renounce Religion, Potion Petition, Call Merchant, Bribe Branch


You were on level 3 of the Elven Halls.
You worshipped Gozag.
Gozag was most pleased with you.
You visited 6 branches of the dungeon, and saw 34 of its levels.
You also visited: Bailey, Ice Cave and Volcano.

You collected 15666 gold pieces.
You spent 4859 gold pieces at shops.
You paid 8728 gold pieces to Gozag.

Inventory:

Hand Weapons
 o - the +6 Majin-Bo (weapon) {vamp, MP+6 Int+6}
   (You bought it in a shop on level 2 of the Orcish Mines)

   It occasionally heals its wielder for a portion of the damage dealt when they
   wound a living foe with it or with a spell.
   Its wielder's spells cost health as well as magical power.
   Int:       It affects your intelligence (+6).
   MP:        It affects your magic capacity (+6).
Armour
 a - the +4 pair of gloves of Salvation (worn) {rPois Str+2 SInv}
   (You found it in an ice cave)

   Str:       It affects your strength (+2).
   rPois:     It protects you from poison.
   SInv:      It lets you see invisible.
 e - a +1 cloak of poison resistance (worn)
 q - a +2 pair of boots (worn)
 r - a +0 helmet (worn)
 G - a +2 robe of resistance (worn)
 T - the +3 buckler of Ahixach {Rampage Dex+3}
   (You bought it in a shop on level 14 of the Dungeon)

   Dex:       It affects your dexterity (+3).
   Rampage:   It bestows one free step when moving towards enemies.
 V - the +0 cloak of the Valley of Death {rElec}
   (You found it on level 2 of the Lair of Beasts)

   rElec:     It insulates you from electricity.
Magical Staves
 U - a staff of conjuration
Jewellery
 c - the ring "Alenace" (left hand) {rPois rF+ rCorr}
   (You bought it in a shop on level 4 of the Lair of Beasts)

   [ring of resist corrosion]

   rF:        It protects you from fire.
   rPois:     It protects you from poison.
   rCorr:     It protects you from acid and corrosion.
 m - an amulet of reflection (around neck)
 C - a ring of flight
 L - a ring of protection from fire
 Q - the ring "Pusk" (right hand) {rElec Str-2 Int+4 SInv}
   (You bought it in a shop on level 4 of the Lair of Beasts)

   [ring of see invisible]

   Str:       It affects your strength (-2).
   Int:       It affects your intelligence (+4).
   rElec:     It insulates you from electricity.
   SInv:      It lets you see invisible.
 W - a ring of protection from cold
Wands
 h - a wand of flame (186)
 t - a wand of iceblast (8)
 u - a wand of mindburst (8)
 w - a wand of paralysis (57)
 x - a wand of digging (15)
 A - a wand of polymorph (27)
 B - a wand of charming (15)
Scrolls
 n - 2 scrolls of vulnerability
 v - 4 scrolls of enchant armour
 y - 8 scrolls of amnesia
 z - a scroll of brand weapon
 F - 5 scrolls of fog
 J - 3 scrolls of fear
 K - a scroll of enchant weapon
 M - 9 scrolls of identify
 P - a scroll of blinking
 S - 2 scrolls of summoning
Potions
 b - a potion of attraction
 d - 2 potions of berserk rage
 f - 4 potions of brilliance
 i - 7 potions of flight
 j - a potion of mutation
 l - 11 potions of ambrosia
 p - 6 potions of curing
 s - 7 potions of haste
 E - 2 potions of resistance
 N - 4 potions of lignification
 O - 9 potions of might


   Skills:
 * Level 12.7 Fighting
 * Level 6.1 Staves
 * Level 18.0 Dodging
 - Level 2.4 Stealth
 - Level 4.0 Shields
 - Level 11.0 Spellcasting
 + Level 17.3 Conjurations
 - Level 4.0 Summonings
 - Level 6.3 Fire Magic
 + Level 19.1 Air Magic
 - Level 9.2 Evocations


You had 2 spell levels left.
You knew the following spells:

 Your Spells              Type           Power      Damage    Failure   Level
a - Shock                 Conj/Air       100%       1d9       0%          1
b - Swiftness             Air            100%       N/A       0%          3
c - Static Discharge      Conj/Air       100%       N/A       0%          2
d - Airstrike             Air            53%        N/A       0%          4
e - Fireball              Conj/Fire      42%        3d17      1%          5
f - Lightning Bolt        Conj/Air       52%        1d73      1%          5
g - Iskenderun's Battles  Conj           100%       2d15      1%          5
h - Summon Lightning Spi  Summ/Air       84%        N/A       1%          4
i - Conjure Ball Lightni  Conj/Air       52%        3x3d18    1%          6
j - Iskenderun's Mystic   Conj/Tloc      73%        2d15      1%          4

Your spell library contained the following spells:

 Spells                   Type           Power      Damage    Failure   Level
 Foxfire                  Conj/Fire      100%       2x1d9     0%          1
 Animate Skeleton         Necr           42%        N/A       1%          1
 Apportation              Tloc           42%        N/A       1%          1
 Beastly Appendage        Tmut           42%        N/A       1%          1
 Corona                   Hex            23%        N/A       1%          1
 Pain                     Necr           84%        1d8       1%          1
 Sting                    Tmut/Pois      84%        1d7       1%          1
 Summon Small Mammal      Summ           100%       N/A       1%          1
 Poisonous Vapours        Pois/Air       100%       N/A       1%          2
 Ensorcelled Hibernation  Hex/Ice        42%        N/A       2%          2
 Slow                     Hex            21%        N/A       2%          2
 Sublimation of Blood     Necr           10%        N/A       2%          2
 Wereblood                Tmut           21%        N/A       2%          2
 Conjure Flame            Conj/Fire      85%        6-21      1%          3
 Dazzling Flash           Conj/Hex       100%       N/A       1%          3
 Inner Flame              Hex/Fire       46%        N/A       1%          3
 Stone Arrow              Conj/Erth      100%       3d13      1%          3
 Hailstorm                Conj/Ice       73%        3d15      1%          4
 Sticky Flame             Conj/Fire      85%        2d10      1%          4
 Bolt of Magma            Conj/Fire/Erth 35%        4d15      1%          5
 Starburst                Conj/Fire      42%        6d12      1%          6
 Ignite Poison            Fire/Tmut/Pois 38%        N/A       2%          3
 Confusing Touch          Hex            21%        N/A       4%          3
 Frozen Ramparts          Ice            42%        1d6       4%          3
 Spider Form              Tmut/Pois      10%        N/A       4%          3
 Tukima's Dance           Hex            21%        N/A       4%          3
 Vampiric Draining        Necr           10%        2d7       4%          3
 Animate Armour           Summ/Erth      74%        N/A       8%          4
 Summon Ice Beast         Ice/Summ       37%        N/A       8%          4
 Iron Shot                Conj/Erth      36%        9d7       8%          6
 Summon Cactus Giant      Summ           25%        N/A       9%          5
 Animate Dead             Necr           10%        N/A       17%         4
 Cause Fear               Hex            10%        N/A       17%         4
 Ice Form                 Ice/Tmut       21%        N/A       17%         4
 Olgreb's Toxic Radiance  Pois           21%        N/A       17%         4
 Spellforged Servitor     Conj/Summ      40%        N/A       19%         7
 Summon Forest            Summ/Tloc      18%        N/A       21%         5
 Summon Mana Viper        Hex/Summ       37%        N/A       21%         5
 Storm Form               Tmut/Air       38%        N/A       28%         7
 Agony                    Necr           21%        N/A       43%         5
 Excruciating Wounds      Necr           10%        N/A       43%         5
 Chain Lightning          Conj/Air       52%        3d69      67%         9
 Simulacrum               Ice/Necr       10%        N/A       95%         6
 Summon Hydra             Summ           25%        N/A       95%         7
 Lehudib's Crystal Spear  Conj/Erth      36%        10d9      97%         8
 Haunt                    Necr/Summ      18%        N/A       99%         7
 Discord                  Hex            10%        N/A       100%        8
 Infestation              Necr           10%        N/A       100%        8
 Shatter                  Erth           10%        3d12*     100%        9


Dungeon Overview and Level Annotations

Branches:
Dungeon (15/15)            Temple (0/1) D:6            Lair (6/6) D:9
  Swamp (4/4) Lair:2       Spider (4/4) Lair:2        Slime (0/5) Lair:6
    Orc (2/2) D:10            Elf (3/3) Orc:2        Vaults (0/5) D:14
 Depths (0/5) D:15         Bailey (visited)           IceCv (visited)
Volcano (visited)

Altars:
Ashenzari
Dithmenos
Elyvilon
Gozag
Hepliaklqana
Okawaru
Qazlal
Sif Muna
Uskayaw
Vehumet
Wu Jian
Yredelemnul
Zin
Beogh
Jiyva

Shops:
D:3 *   D:6 :   D:11 :   D:14 [   Orc:1 (   Orc:2 ([[=*[   Elf:2 (   Elf:3 :
Lair:4 =   Lair:6 [   Swamp:3 !

Annotations:
D:8 1 runed translucent door, jisko22's ghost, novice GnWr
D:9 3 runed translucent doors
D:11 1 runed translucent door, Usuem's ghost, journeyman DECj
Lair:6 1 runed translucent door
Swamp:2 2 transporters, Jacimip's ghost, journeyman HaHu
Spider:1 2 runed translucent doors, Moox's ghost, adept DjFE
Spider:2 3 runed translucent doors, finalsalamander's ghost, adept NaWn
Elf:3 1 exclusion


Innate Abilities, Weirdness & Mutations

You possess an exceptional clarity of mind.
You are clumsy. (Dex -2)
You are weak. (Str -2)


Message History

The deep elf elementalist is struck by an arc of lightning.
You kill the deep elf elementalist!
The earth elemental disappears in a puff of smoke! x4
You resist.
You are struck by an arc of lightning.
The deep elf sorcerer points at you and mumbles some strange words.
The bolt of acid misses you.
You take 2 damage, and have 79/124 hp.
You now have 26/43 mp.
Casting: Static Discharge (safe; 0% risk of failure)
Confirm with . or Enter, or press ? or * to list all spells.
You conjure a globe of magical energy.
You take 5 damage, and have 74/124 hp.
You now have 21/43 mp.
Casting: Iskenderun's Battlesphere (safe; 1% risk of failure)
Confirm with . or Enter, or press ? or * to list all spells.
Aiming: Shock (safe; 0% risk of failure)
Press: ? - help, Shift-Dir - straight line, f - deep elf sorcerer
Aim: a deep elf sorcerer, wielding a +0 long sword (64% to hit)
The zap hits the deep elf sorcerer!
The deep elf sorcerer is lightly wounded.
Your battlesphere fires!
The barrage of energy hits the deep elf sorcerer!
The deep elf sorcerer is moderately wounded.
The deep elf sorcerer gestures at you while chanting.
The sphere of damnation explodes!
The damnation engulfs your battlesphere!!
The damnation engulfs you!!
You hear a shout! x6
Casting: Shock (safe; 0% risk of failure)
Confirm with . or Enter, or press ? or * to list all spells.
Aiming: Shock (safe; 0% risk of failure)
Press: ? - help, Shift-Dir - straight line, f/p - deep elf sorcerer
Aim: a deep elf sorcerer, wielding a +0 long sword (moderately wounded, ally target, 64% to hit)
The zap hits the deep elf sorcerer!
The deep elf sorcerer is heavily wounded.
Your battlesphere fires!
The barrage of energy hits the deep elf sorcerer!
The deep elf sorcerer is severely wounded.
The deep elf sorcerer points at you and mumbles some strange words.
The sphere of damnation explodes!
The damnation engulfs you!!!
You die...
Your body crumbles into a pile of gold. # #..# # $ $ #..# $ $ $ # $$$$

$ $$ #..# $ $ $ $ #
$ $ $ $$$ $ #..# $ $
$ $ # $$ $ #e.# $ $
# ###$.######### #
#.*..##......# #
#$@.##.###..### #
#.............# #
#..#.#........#####
#.#####..#..........
$... #..##..#.#####
#### #..##..#.#
#........#
#......### #####.##


You could see a deep elf sorcerer (ally target) and a friendly battlesphere.

Vanquished Creatures
  Bai Suzhen (Elf:3)
  Saint Roka (Orc:2)
  Jorgrun (Orc:1)
  A thorn hunter (Swamp:3)
  A deep elf sorcerer (Elf:2)
  5 ghost moths
  5 emperor scorpions
  2 deep elf elementalists (Elf:3)
  Nessos (D:15)
  3 deep elf demonologists
  8 bunyips
  A deep elf annihilator (Elf:2)
  An entropy weaver (Spider:2)
  4 spark wasps
  4 eleionomae
  2 deep elf death magi
  A shambling mangrove (Swamp:4)
  A deep elf high priest (Elf:1)
  23 hydras
  A merfolk avatar (Lair:6)
  Harold (D:10)
  3 boulder beetles
  A spriggan air mage (Swamp:1)
  Erica (Lair:1)
  A catoblepas (Lair:2)
  A two-headed ogre (shapeshifter) (D:15)
  8 death scarabs (Spider:4)
  2 centaur warriors
  An ogre mage (Volcano)
  A ghost crab (Swamp:2)
  11 two-headed ogres
  3 death yaks (Lair:4)
  8 alligators
  A tengu warrior (D:14)
  2 orc high priests (Orc:2)
  3 spriggan berserkers
  Sonja (D:11)
  9 deep elf knights
  A hell knight (Volcano)
  5 skeletal warriors
  A spectral emperor scorpion (Spider:4)
  2 death drakes
  3 spriggan druids
  5 goliath frogs
  7 bog bodies
  6 deep elf archers
  2 sea snakes (Lair:6)
  2 wizards (D:15)
  7 swamp dragons
  A lindwurm (Lair:6)
  Pikel (D:5)
  20 deep elf zephyrmancers
  12 orb spiders
  A necromancer (D:15)
  15 ugly things
  33 deep elf pyromancers
  3 manticores
  2 cyclopes
  A wolf spider zombie (Spider:4)
  7 orc sorcerers
  2 orc knights
  20 wolf spiders
  5 moths of wrath
  4 black mambas
  10 elephants
  An ice statue (IceCv)
  2 torpor snails
  A gargoyle (D:11)
  A yaktaur (shapeshifter) (D:15)
  15 cane toads
  4 rime drakes
  8 komodo dragons
  4 spectral redbacks (Spider:4)
  An anaconda simulacrum (IceCv)
  11 demonic crawlers
  A kobold demonologist (D:12)
  A tengu conjurer (D:13)
  5 trolls
  2 entropy weaver simulacra (IceCv)
  22 jumping spiders
  3 meliai (Spider:4)
  A bloated husk (Swamp:1)
  A queen bee (Lair:2)
  A meliai (shapeshifter) (Elf:3)
  5 spectral tarantellas (Spider:4)
  4 tyrant leeches
  3 wind drakes (Lair:6)
  2 polar bears
  Prince Ribbit (D:6)
  2 snapping turtles (Lair:6)
  4 dream sheep (Lair:4)
  A tarantella zombie (Spider:4)
  23 hornets
  11 slime creatures
  16 blink frogs
  A blink frog (shapeshifter) (Elf:2)
  5 spectral jumping spiders (Spider:4)
  A jumping spider zombie (Spider:4)
  14 spriggans
  2 air elementals (Elf:2)
  26 tarantellas
  4 fire elementals
  3 vampires
  58 redbacks
  A redback (shapeshifter) (Elf:3)
  2 wraiths
  A dire elephant simulacrum (IceCv)
  4 water elementals
  5 wyverns
  14 humans (D:14)
  39 yaks
  A golden eye (shapeshifter) (Elf:1)
  2 death yak simulacra (IceCv)
  6 vampire mosquitoes
  3 basilisks
  6 wargs
  Menkaure (D:4)
  3 steam dragons
  An acid dragon (D:8)
  15 water moccasins
  10 swamp worms
  3 harpy simulacra (IceCv)
  An ice beast (D:7)
  7 swamp drakes
  A sky beast (D:6)
  A hornet zombie (Spider:4)
  32 orc warriors
  4 spectral hornets (Spider:4)
  A black bear (D:5)
  A necrophage (D:6)
  12 centaurs
  5 ogres
  13 wolves
  A lemure (D:5)
  2 kobold brigands
  18 bullfrogs
  4 scorpions (Lair:2)
  6 two-headed ogre simulacra (IceCv)
  2 earth elementals
  2 wyvern zombies (D:9)
  A water moccasin zombie (D:7)
  4 elephant simulacra (IceCv)
  30 killer bees
  3 electric eels
  5 wights
  5 centaur zombies
  3 howler monkeys
  Crazy Yiuf (D:4)
  4 hounds
  21 orc priests
  3 bullfrog skeletons
  5 centaur skeletons
  A gnoll shaman (D:6)
  Ijyb (D:5)
  Terence (D:3)
  27 orc wizards
  4 spriggan simulacra (IceCv)
  3 polar bear simulacra (IceCv)
  3 troll simulacra (IceCv)
  A wolf simulacrum (IceCv)
  8 gnolls
  A howler monkey skeleton (D:4)
  6 adders
  8 naga simulacra (IceCv)
  2 shadow imps (D:5)
  7 white imps
  2 ufetubi
  An adder zombie (D:5)
  4 worms
  83 orcs
  10 ball pythons
  4 endoplasms
  7 giant cockroaches
  6 goblins
  7 hobgoblins
  28 kobolds
  3 quokkas
  3 training dummies (Orc:1)
  5 bats
  A frilled lizard (D:1)
  6 rats
1132 creatures vanquished.

Vanquished Creatures (collateral kills)
  A fenstrider witch (Swamp:1)
  2 emperor scorpions (Spider:4)
  A reaper (IceCv)
  A bunyip (Swamp:1)
  The ghost of Ruiv the Basher, a journeyman GrDe of Uskayaw (Lair:2)
  2 boulder beetles
  A hydra (Lair:5)
  A centaur warrior (D:14)
  A ghost crab (Swamp:1)
  A two-headed ogre (Volcano)
  A spriggan berserker (Swamp:4)
  A deep elf knight (Elf:2)
  A spectral emperor scorpion (Spider:4)
  2 goliath frogs (Swamp:1)
  3 skeletal warriors (D:15)
  A swamp dragon (Swamp:4)
  A spriggan druid (Swamp:3)
  4 deep elf pyromancers
  A spectral wolf spider (Spider:4)
  3 orb spiders
  An orc knight (D:14)
  3 wolf spiders
  2 elephants
  A moth of wrath (Spider:4)
  2 centaur zombies (D:10)
  Maurice (D:11)
  3 cane toads
  3 komodo dragons
  5 jumping spiders
  4 polar bears
  A hornet (Spider:4)
  2 trolls
  A queen bee (shapeshifter) (D:13)
  2 dream sheep (Lair:4)
  A tyrant leech (Swamp:2)
  2 slime creatures (D:12)
  12 blink frogs
  4 spriggans (Swamp:1)
  14 redbacks
  A wraith (D:11)
  10 tarantellas
  2 basilisks
  2 vampire mosquitoes
  10 yaks
  2 humans (D:14)
  A death yak simulacrum (IceCv)
  A steam dragon (Lair:6)
  2 swamp worms
  2 water moccasins
  An orc warrior (Orc:2)
  2 swamp drakes (Swamp:4)
  A black bear (Lair:1)
  5 wolves
  4 centaurs (D:15)
  A kobold brigand (D:12)
  A bullfrog (Lair:3)
  6 killer bees
  3 wights (D:9)
  An orc priest (Orc:2)
  An orc wizard (D:13)
  A spriggan simulacrum (IceCv)
  5 hell rats (Lair:6)
  A polar bear simulacrum (IceCv)
  A howler monkey zombie (D:9)
  A naga simulacrum (IceCv)
  A white imp (IceCv)
  8 orcs
  2 kobolds
  4 ball lightnings
  A fungus (Lair:6)
178 creatures vanquished.

Vanquished Creatures (others)
  29 dancing weapons
  A deep elf knight (Elf:1)
  A wizard (D:15)
  2 deep elf zephyrmancers
  A redback (Spider:1)
  2 ufetubi (IceCv)
  121 ball lightnings
  A briar patch (Swamp:3)
  76 fungi
  138 plants
372 creatures vanquished.

Grand Total: 1682 creatures vanquished

Notes
Turn   | Place    | Note
-------+----------+-------------------------------------------
     0 | D:1      | Maimakterion the Deep Elf Air Elementalist began the quest
                  | for the Orb.
     0 | D:1      | Reached XP level 1. HP: 10/10 MP: 6/6
   321 | D:1      | Reached XP level 2. HP: 16/16 MP: 4/8
   324 | D:1      | Learned a level 2 spell: Static Discharge
   772 | D:1      | Found a faded altar of an unknown god.
  1424 | D:2      | Reached XP level 3. HP: 20/20 MP: 4/9
  1558 | D:2      | Reached skill level 1 in Fighting
  1965 | D:2      | Learned a level 3 spell: Swiftness
  2800 | D:3      | Noticed Terence
  2809 | D:3      | Killed Terence
  2810 | D:3      | Reached XP level 4. HP: 12/25 MP: 3/11
  3038 | D:3      | Found an opulent altar of Gozag.
  3097 | D:3      | Reached skill level 4 in Air Magic
  3110 | D:3      | Reached XP level 5. HP: 20/29 MP: 1/13
  3115 | D:3      | Learned a level 4 spell: Airstrike
  3562 | D:3      | Identified a scroll of acquirement
  3562 | D:3      | Acquired 871 gold pieces
  3642 | D:3      | Became a worshipper of Gozag Ym Sagoz the Greedy
  3910 | D:4      | Noticed Menkaure
  3914 | D:4      | Killed Menkaure
  3915 | D:4      | Reached XP level 6. HP: 35/35 MP: 4/15
  4272 | D:4      | Reached skill level 5 in Spellcasting
  4534 | D:4      | Found a basalt altar of Yredelemnul.
  4831 | D:4      | Found a runed translucent door.
  4832 | D:4      | Noticed Crazy Yiuf
  4838 | D:4      | Killed Crazy Yiuf
  4908 | D:5      | Entered Level 5 of the Dungeon
  4915 | D:5      | Reached XP level 7. HP: 9/40 MP: 4/16
  5282 | D:5      | Reached skill level 5 in Air Magic
  5493 | D:5      | Noticed Pikel
  5505 | D:5      | Killed Pikel
  5506 | D:5      | Reached skill level 5 in Dodging
  5506 | D:5      | Reached skill level 5 in Conjurations
  5506 | D:5      | Reached skill level 6 in Air Magic
  5506 | D:5      | Reached XP level 8. HP: 46/46 MP: 5/17
  5807 | D:5      | Noticed Ijyb
  5811 | D:5      | Killed Ijyb
  6228 | D:5      | Found a stormy altar of Qazlal.
  6579 | D:6      | Found an iron altar of Okawaru.
  6657 | D:6      | Found an ornate altar of the Wu Jian Council.
  6726 | D:6      | Found a staircase to the Ecumenical Temple.
  7002 | D:6      | Reached skill level 7 in Air Magic
  7132 | D:6      | Noticed Prince Ribbit
  7140 | D:6      | Killed Prince Ribbit
  7141 | D:6      | Reached XP level 9. HP: 46/52 MP: 7/18
  7480 | D:6      | Found a shimmering blue altar of Sif Muna.
  7481 | D:6      | Found a broken altar of Ashenzari.
  8348 | D:7      | Found a hazy altar of Hepliaklqana.
  8400 | D:7      | Found a hide-covered altar of Uskayaw.
  8579 | D:8      | Reached skill level 8 in Air Magic
  9157 | D:8      | Noticed a white ugly thing
  9177 | D:8      | Reached skill level 5 in Fighting
  9177 | D:8      | Reached skill level 9 in Air Magic
  9181 | D:8      | Noticed a two-headed ogre
  9199 | D:8      | Noticed a cyclops
  9425 | D:6      | Bought a book of Storms for 448 gold pieces
  9432 | D:6      | Learned a level 5 spell: Lightning Bolt
  9480 | D:8      | Noticed jisko22's ghost (novice GnWr)
  9490 | D:8      | Acquired the Incunabulum of Weightlessness
  9517 | D:8      | Killed a two-headed ogre
  9518 | D:8      | Reached XP level 10. HP: 56/59 MP: 6/20
  9642 | D:8      | Found a runed translucent door.
  9795 | D:8      | Learned a level 4 spell: Summon Lightning Spire
  9846 | D:8      | Killed a white ugly thing
  9847 | D:8      | Reached skill level 1 in Summonings
 10188 | D:8      | Killed a cyclops
 10546 | D:9      | Reached skill level 10 in Air Magic
 10925 | D:9      | Found a staircase to the Lair.
 11338 | D:9      | Noticed a seven-headed hydra
 11352 | D:9      | Noticed a manticore
 11520 | D:9      | Found a runed translucent gate.
 11520 | D:9      | Found a runed translucent gate.
 11520 | D:9      | Found a runed translucent gate.
 11520 | D:9      | Noticed a white ugly thing
 11520 | D:9      | Noticed a white very ugly thing
 11520 | D:9      | Noticed a red ugly thing
 11520 | D:9      | Noticed a green ugly thing
 11521 | D:9      | Noticed a purple ugly thing
 11632 | D:9      | Killed a manticore
 11642 | D:9      | Killed a seven-headed hydra
 11643 | D:9      | Reached XP level 11. HP: 50/64 MP: 7/22
 12282 | D:10     | Entered Level 10 of the Dungeon
 12895 | D:10     | Reached skill level 11 in Air Magic
 13272 | D:10     | Noticed Harold
 13279 | D:10     | Killed Harold
 13386 | D:10     | Found a staircase to the Orcish Mines.
 13837 | D:11     | Found a glowing silver altar of Zin.
 13863 | D:11     | Noticed Sonja
 13867 | D:11     | Killed Sonja
 14204 | D:11     | Identified the +4 dire flail "Ultimatum" {vorpal, rPois rN+
                  | Int+3}
 14207 | D:11     | Noticed Maurice
 14213 | D:11     | Killed Maurice
 14728 | D:11     | Reached skill level 10 in Dodging
 15562 | D:11     | Found a runed translucent door.
 15562 | D:11     | Noticed Usuem's ghost (journeyman DECj)
 15705 | D:12     | Reached skill level 12 in Air Magic
 15707 | D:12     | Noticed a two-headed ogre
 15710 | D:12     | Reached XP level 12. HP: 69/72 MP: 14/23
 15726 | D:11     | Reached skill level 10 in Conjurations
 15772 | D:12     | Killed a two-headed ogre
 16253 | D:12     | Identified the ring "Vilab" {rC+ Str-4 Int+3}
 16423 | D:12     | Noticed a five-headed hydra
 17229 | D:12     | Found a shadowy altar of Dithmenos.
 17395 | D:12     | Killed a five-headed hydra
 17835 | Lair:1   | Entered Level 1 of the Lair of Beasts
 17924 | Lair:1   | Noticed Erica
 18053 | Lair:1   | Killed Erica
 18590 | Lair:1   | Reached skill level 13 in Air Magic
 19206 | Lair:2   | Noticed a five-headed hydra
 19209 | Lair:2   | Killed a five-headed hydra
 19281 | Lair:1   | Reached XP level 13. HP: 40/78 MP: 1/27
 19800 | D:11     | Bought a book of Power for 714 gold pieces
 19806 | D:11     | Learned a level 5 spell: Iskenderun's Battlesphere
 20080 | Lair:2   | Found a hole to the Spider Nest.
 20579 | Lair:2   | Found a staircase to the Swamp.
 21343 | Lair:2   | Found a transporter.
 21350 | Lair:2   | You fall into a shaft and drop 1 floor!
 22570 | Lair:2   | Noticed Ruiv's ghost (journeyman GrDe)
 22837 | Lair:2   | Found a transporter.
 22844 | Lair:2   | Learned a level 5 spell: Fireball
 23250 | Lair:3   | Reached skill level 14 in Air Magic
 23587 | Lair:3   | Reached skill level 1 in Fire Magic
 24610 | Lair:4   | Reached XP level 14. HP: 84/84 MP: 14/29
 24789 | Lair:4   | Bought the ring "Pusk" {rElec Str-2 Int+4 SInv} for 332
                  | gold pieces
 26844 | Lair:6   | Entered Level 6 of the Lair of Beasts
 26851 | Lair:6   | Reached skill level 10 in Spellcasting
 26996 | Lair:6   | Gained mutation: You sometimes lose the ability to read
                  | scrolls when taking damage. [potion of mutation]
 27022 | Lair:6   | Found a dark tunnel.
 27028 | Volcano  | Entered a volcano
 27268 | Volcano  | Found a bloodstained altar of Trog.
 27367 | Volcano  | Lost mutation: You sometimes lose the ability to read
                  | scrolls when taking damage. [potion of mutation]
 27367 | Volcano  | Gained mutation: You possess an exceptional clarity of
                  | mind. [potion of mutation]
 27367 | Volcano  | Gained mutation: You have hidden genetic defects. [potion
                  | of mutation]
 27645 | Lair:6   | Reached skill level 5 in Fire Magic
 28319 | Lair:6   | Reached skill level 15 in Air Magic
 28533 | Lair:6   | Gained mutation: You are clumsy. (Dex -2) [hidden defects]
 29120 | Lair:4   | Bought the ring "Alenace" {rPois rF+ rCorr} for 382 gold
                  | pieces
 29371 | Lair:6   | Reached XP level 15. HP: 91/91 MP: 16/31
 29378 | Lair:6   | Learned a level 6 spell: Conjure Ball Lightning
 29722 | Lair:6   | Found a runed translucent door.
 29723 | Lair:6   | Reached XP level 16. HP: 97/97 MP: 32/32
 29724 | Lair:6   | Noticed an acid blob
 29725 | Lair:6   | Found a viscous altar of Jiyva.
 29725 | Lair:6   | Noticed an acid blob
 29726 | Lair:6   | Found a staircase to the Slime Pits.
 29726 | Lair:6   | Noticed an acid blob
 30377 | D:13     | Found a frozen archway.
 30386 | IceCv    | Entered an ice cave
 31512 | IceCv    | Identified the +4 pair of gloves of Salvation {rPois Str+2
                  | SInv}
 31611 | IceCv    | Reached skill level 10 in Fighting
 31639 | IceCv    | Gained mutation: You are weak. (Str -2) [hidden defects]
 31639 | IceCv    | Lost mutation: You have hidden genetic defects. [hidden
                  | defects expressed]
 31676 | IceCv    | Identified the ring of Prescription {Fire Str+2 Int+2
                  | Dex-4}
 33258 | D:14     | Found a gate to the Vaults.
 33352 | D:14     | Found a flagged portal.
 33370 | Bailey   | Entered a bailey
 34534 | D:14     | Found a shimmering blue altar of Sif Muna.
 34799 | D:15     | Entered Level 15 of the Dungeon
 34799 | D:15     | Noticed Nessos
 34804 | D:15     | Killed Nessos
 34932 | D:14     | Bought a shimmering buckler for 209 gold pieces
 34932 | D:14     | Identified the +3 buckler of Ahixach {Rampage Dex+3} (You
                  | bought it in a shop on level 14 of the Dungeon)
 35734 | D:15     | Reached skill level 1 in Shields
 35734 | D:15     | Reached skill level 1 in Evocations
 35870 | D:15     | Reached skill level 16 in Air Magic
 35897 | D:15     | Found a staircase to the Depths.
 36092 | D:15     | Found a white marble altar of Elyvilon.
 36756 | Swamp:1  | Entered Level 1 of the Swamp
 36812 | Lair:2   | Killed Ruiv's ghost
 36835 | Lair:2   | Identified the +0 cloak of the Valley of Death {rElec}
 38064 | Swamp:1  | Reached XP level 17. HP: 102/103 MP: 20/34
 39522 | Swamp:2  | Noticed Jacimip's ghost (journeyman HaHu)
 39523 | Swamp:2  | Noticed a tentacled monstrosity
 39540 | Swamp:2  | Found a transporter.
 39552 | Swamp:2  | Found a transporter.
 39560 | Swamp:2  | You fall into a shaft and drop 1 floor!
 40834 | Swamp:3  | Reached skill level 15 in Dodging
 40837 | Swamp:3  | Reached skill level 15 in Conjurations
 41407 | Swamp:4  | Entered Level 4 of the Swamp
 41642 | Swamp:3  | Bought a potion of magic for 80 gold pieces
 41642 | Swamp:3  | Bought a potion of curing for 30 gold pieces
 41642 | Swamp:3  | Bought 2 potions of heal wounds for 100 gold pieces
 41642 | Swamp:3  | Bought a potion of lignification for 30 gold pieces
 41642 | Swamp:3  | Bought 2 potions of magic for 160 gold pieces
 41705 | Swamp:4  | Reached skill level 5 in Evocations
 42409 | Swamp:4  | Reached skill level 17 in Air Magic
 44000 | Swamp:4  | Got a decaying rune of Zot
 44264 | Orc:1    | Entered Level 1 of the Orcish Mines
 44269 | Orc:1    | Noticed Jorgrun
 44279 | Orc:1    | Killed Jorgrun
 44280 | Orc:1    | Reached XP level 18. HP: 61/110 MP: 2/35
 44406 | Orc:1    | Learned a level 4 spell: Iskenderun's Mystic Blast
 45012 | Orc:1    | Found Yfites's Firing Range.
 45150 | Orc:2    | Entered Level 2 of the Orcish Mines
 45286 | Orc:2    | Found Egelas's Mass Market.
 45613 | Orc:2    | Found a staircase to the Elven Halls.
 46013 | Orc:2    | Found Tutidd's Antique Armour Shoppe.
 46027 | Orc:2    | Bought a faintly glowing robe for 148 gold pieces
 46027 | Orc:2    | Identified the +0 robe of Grot {Harm rN+} (You bought it in
                  | a shop on level 2 of the Orcish Mines)
 46130 | Orc:2    | Found Qaji's Armour Boutique.
 46453 | Orc:2    | Noticed Saint Roka
 46641 | Orc:2    | Found Kumywniff's Antique Weapon Shop.
 46649 | Orc:2    | Found Roill's Antique Armour Boutique.
 46712 | Orc:2    | Killed Saint Roka
 47185 | Spider:1 | Entered Level 1 of the Spider Nest
 48153 | Spider:1 | Found a large runed translucent door.
 48154 | Spider:1 | Found a large runed translucent door.
 48156 | Spider:1 | Noticed Moox's ghost (adept DjFE)
 48589 | Spider:2 | Found a runed translucent gate.
 48707 | Spider:2 | Found a runed translucent gate.
 49448 | Spider:2 | Found a runed translucent gate.
 49449 | Spider:2 | Noticed finalsalamander's ghost (adept NaWn)
 51598 | Spider:4 | Entered Level 4 of the Spider Nest
 52215 | Orc:2    | Bought the +6 Majin-Bo {vamp, MP+6 Int+6} for 2226 gold
                  | pieces
 52215 | Orc:2    | Found the +6 Majin-Bo {vamp, MP+6 Int+6}
 52979 | Spider:3 | Reached skill level 18 in Air Magic
 53117 | Spider:4 | Reached skill level 1 in Staves
 53193 | Spider:3 | HP: 5/112 [ghost moth (13)]
 54195 | Spider:4 | Reached XP level 19. HP: 94/116 MP: 1/36
 56414 | Spider:4 | HP: 5/116 [spore (8)]
 56991 | Spider:4 | Got a gossamer rune of Zot
 57312 | Elf:1    | Entered Level 1 of the Elven Halls
 58207 | Elf:1    | Paralysed by an orc sorcerer for 2 turns
 59355 | Elf:2    | Reached skill level 5 in Staves
 59556 | Elf:2    | Paralysed by an air elemental for 1 turns
 59855 | Elf:2    | Paralysed by an air elemental for 1 turns
 60078 | Elf:2    | Found Tacuthoh's Antique Weapon Shoppe.
 60555 | Elf:2    | Found a runed translucent gate.
 60555 | Elf:2    | Found a runed translucent gate.
 60555 | Elf:2    | Found a runed translucent gate.
 61381 | Elf:2    | Reached XP level 20. HP: 60/123 MP: 9/37
 61814 | Elf:2    | Reached skill level 19 in Air Magic
 62603 | Elf:3    | Entered Level 3 of the Elven Halls
 62854 | Elf:3    | Noticed Bai Suzhen
 63729 | Elf:3    | Found a radiant altar of Vehumet.
 63970 | Elf:3    | Found Lecah's Book Shoppe.
 64002 | Elf:3    | Killed Bai Suzhen
 64532 | Elf:3    | Killed from afar by a deep elf sorcerer

Illustrated notes

Levels and vault maps discovered:
D:1:      tarquinn_simple_flora_water_d, layout_basic, serial_corexii_hall,
          corexii_hall_statues_t, chequers_hall_statues_wall_a,
          shapermc_ecumenical_altar_petra, chequers_avenue
D:2:      layout_basic, minmay_misc_feat_plants, corner_web_ring,
          minmay_indecisive_spiral
D:3:      layout_basic, lemuel_tele_altar, saegor_snake_ambush, uniq_terence
D:4:      layout_basic, mainiacjoe_overflow_six_doors_small, uniq_menkaure,
          uniq_crazy_yiuf_cottage
D:5:      cheibrodos_helix_gallery, layout_basic,
          nicolae_qazlal_scattered_showers, uniq_pikel, uniq_ijyb
D:6:      layout_loops_corners, kennysheep_okawaru_gauntlet,
          nicolae_overflow_hidden_temple, minmay_temple_entry_overgrown,
          uniq_prince_ribbit1
D:7:      layout_rooms, kennysheep_little_box, mainiacjoe_overflow_alcove_2
D:8:      minmay_bubble_buster, layout_rooms, hellmonk_ghost_big_iron,
          minmay_stone_trees_small
D:9:      layout_roguey, ploomutoo_gammafunk_ghost_potion_laboratory,
          hangedman_decor_points, lightli_fourway_metalbox
D:10:     layout_loops_ring, orc_0_dummy, library_closet, uniq_harold
D:11:     layout_loops_corners, ebering_ghost_inner_flame, grunt_ogre_cave,
          minmay_misc_feat_room, minmay_strange_pillars, zin_statuary,
          uniq_maurice, uniq_sonja
D:12:     layout_rooms, nicolae_dithmenos_the_darkroom
D:13:     layout_cave_pods, portal_ice_cave_entry_pillars_2,
          minmay_misc_feat_cross
D:14:     layout_small_grid, david_vaults_3, enter_bailey_2,
          nicolae_sif_muna_condensation
D:15:     grunt_enter_depths_magical_seal, layout_rooms, elyvilon_altar_3,
          uniq_nessos
Lair:1:   layout_roguey, grunt_forest_large_clearing_hut, uniq_erica
Lair:2:   layout_roguey [special_room_bee], minmay_swamp_entry_swarm,
          nicolae_spider_entry_non_spiders, gammafunk_ghost_berserking_beasts,
          serial_bayou_shore_a, lemuel_fruit_tree, infiniplex_staircase_pool_2
Lair:3:   layout_cave_pods, minivault_26, nicolae_lair_grove_arrangements,
          grunt_megastairs_5
Lair:4:   layout_roguey
Lair:5:   layout_regular_city
Lair:6:   gammafunk_lair_ancient_temple, layout_misc_corridors, slime_altar_2,
          enter_volcano_2, chequers_serial_rivers_room_b, wad_woods_river_03
Swamp:1:  nicolae_swamp_secret_spriggan_hideout, layout_basic_swamp,
          evilmike_swamp_ruin_house_6
Swamp:2:  layout_falls_marsh, gammafunk_ghost_arena, nicolae_swamp_little_swirl,
          infiniplex_staircase_pool
Swamp:3:  layout_basic_swamp, serial_swamp_ruin, evilmike_swamp_ruin_house_2,
          hangedman_swamp_ruin_hall
Swamp:4:  swamp_basic_johnstein, layout_basic_swamp, nicolae_swamp_treefoil
Spider:1: layout_spider_delve, ebering_ghost_disaster_area
Spider:2: layout_spider_delve, gammafunk_ghost_necromancy,
          nicolae_spider_jagged_tunnels
Spider:3: layout_spider_delve
Spider:4: floodkiller_spider_rune_tomb, spiders_nest_hornet_nest
Orc:1:    layout_diamond_mine, basic_altar, nicolae_shop_firing_range,
          uniq_jorgrun
Orc:2:    grunt_orc_community_town_hall, layout_diamond_mine,
          grunt_orc_community_big_house_1, grunt_orc_community_big_house_2,
          grunt_orc_community_house_3, grunt_orc_community_house_3,
          grunt_orc_community_house_2, grunt_orc_community_house_3,
          minmay_shop_mass, nicolae_orc_damp_corner, mines2_david
Elf:1:    eino_elf_arrival_customs, layout_geoelf_diagonals,
          kennysheep_underground_church
Elf:2:    nicolae_elf_blades_splatter_lattice [nicolae_blade_bullseye],
          layout_geoelf_octagon, serial_shops, nicolae_shop_trees
Elf:3:    minmay_elf_hall_dome, layout_loops_corners, basic_altar, serial_shops,
          shop, uniq_bai_suzhen

Skill      XL: |  1  2  3  4  5  6  7  8  9 10 11 12 13 14 15 16 17 18 19 20 |
---------------+-------------------------------------------------------------+-----
Fighting       | 1 2 3 4 5 6 7 8 9 10 11 12 | 12.7
Dodging        | 3 4 5 6 7 8 10 11 12 13 14 15 16 17 18 | 18.0
Spellcasting   | 4 5 6 8 9 10 11 | 11.0
Conjurations   | 2 3 5 6 7 8 9 11 12 13 14 15 16 17 | 17.3
Air Magic      | 4 6 7 9 10 12 13 14 15 16 17 18 19 | 19.1
Summonings     | 3 4 |  4.0
Fire Magic     | 2 5 6 |  6.3
Shields        | 2 4 |  4.0
Evocations     | 3 6 8 9 |  9.2
Staves         | 2 5 6 |  6.1
Stealth        | |  2.4

Action                   |  1- 3 |  4- 6 |  7- 9 | 10-12 | 13-15 | 16-18 | 19-21 || total
-------------------------+-------+-------+-------+-------+-------+-------+-------++-------
Melee: Unarmed           |     2 |     6 |    10 |    19 |       |       |       ||    37
       Dire flail        |       |       |       |    37 |    61 |    54 |       ||   152
       Staff             |       |       |       |       |       |   207 |    12 ||   219
       Quarterstaff      |       |       |       |       |       |    46 |    56 ||   102
 Cast: Shock             |    61 |    54 |    94 |    35 |    75 |   112 |    33 ||   464
       Static Discharge  |    16 |    16 |    51 |    71 |    57 |   307 |   151 ||   669
       Airstrike         |       |     2 |    30 |    25 |    17 |    55 |    75 ||   204
       Lightning Bolt    |       |       |     2 |   148 |   151 |   173 |    12 ||   486
       Summon Lightning  |       |       |       |    51 |    64 |    98 |    30 ||   243
       Iskenderun's Batt |       |       |       |       |    32 |    55 |    24 ||   111
       Fireball          |       |       |       |       |     8 |    42 |    14 ||    64
       Conjure Ball Ligh |       |       |       |       |     1 |    45 |     8 ||    54
       Iskenderun's Myst |       |       |       |       |       |    24 |    94 ||   118
       Swiftness         |       |       |       |       |       |       |     1 ||     1
Invok: Call Merchant     |       |     1 |     1 |     1 |     2 |     3 |       ||     8
       Potion Petition   |       |       |       |       |       |       |     1 ||     1
Evoke: Wand              |       |       |       |       |       |       |     1 ||     1
  Use: Scroll            |     3 |     4 |     9 |     5 |    13 |     6 |     4 ||    44
       Potion            |       |       |       |     6 |     7 |    11 |     6 ||    30
 Stab: Distracted        |       |       |       |     1 |     1 |     8 |     1 ||    11
       Sleeping          |       |       |       |     1 |       |       |       ||     1
       Invisible         |       |       |       |       |       |     2 |       ||     2
Armor: Robe              |     5 |     1 |    26 |    44 |    25 |   201 |   103 ||   405
Dodge: Dodged            |    16 |     9 |    71 |   209 |   136 |   645 |   278 ||  1364
Block: Other             |       |     6 |    32 |    56 |    39 |    55 |    84 ||   272
       Reflection        |       |     1 |     3 |    14 |       |    13 |     9 ||    40
       Buckler           |       |       |       |       |       |   383 |    20 ||   403

Table legend: (Time is in decaauts)
 A = Elapsed time spent in this place.
 B = Non-inter-level travel time spent in this place.
 C = Inter-level travel time spent in this place.
 D = Time resting spent in this place.
 E = Time spent auto-exploring this place.
 F = Levels seen in this place.
 G = Mean time per level.
                   A        B        C        D        E       F      G
               +--------+--------+--------+--------+--------+-----+--------+
         Total |  65258 |  60782 |   4476 |  12314 |  39062 |  37 | 1763.7 |
       Dungeon |  22786 |  21085 |   1701 |   3835 |  14458 |  15 | 1519.1 |
          Lair |  12497 |  11264 |   1233 |   2103 |   7595 |   6 | 2082.8 |
         Swamp |   7266 |   7011 |    255 |   1751 |   4209 |   4 | 1816.5 |
   Spider Nest |   9809 |   9018 |    791 |   2820 |   4717 |   4 | 2452.2 |
  Orcish Mines |   3088 |   2716 |    372 |    104 |   1939 |   2 | 1544.0 |
   Elven Halls |   7202 |   7081 |    121 |   1011 |   5058 |   3 | 2400.7 |
        Bailey |    506 |    506 |      0 |      0 |    262 |   1 |  506.0 |
      Ice Cave |   1494 |   1494 |      0 |    429 |    618 |   1 | 1494.0 |
       Volcano |    607 |    607 |      0 |    261 |    205 |   1 |  607.0 |
               +--------+--------+--------+--------+--------+-----+--------+

Top non-repeatable levels by time:
   Elf:2: 3905 daAuts
Spider:3: 3613 daAuts
Spider:4: 3436 daAuts
    D:11: 3204 daAuts
  Lair:2: 3112 daAuts
  Lair:6: 2432 daAuts
 Swamp:4: 2428 daAuts
     D:9: 2336 daAuts
  Lair:3: 2006 daAuts
 Swamp:3: 1926 daAuts
  Lair:4: 1845 daAuts
 Swamp:1: 1840 daAuts
   Orc:2: 1838 daAuts
   Elf:1: 1746 daAuts
     D:8: 1678 daAuts
